 Dungeon Crawl Stone Soup version 0.30-a0-305-g026cb31310 (webtiles) character file.

Game seed: 3291894880408112807

479 lorenzova the Magician (level 6, -2/32 HPs)
             Began as a Deep Elf Conjurer on Oct 22, 2022.
             Slain by a sky beast (5 damage)
             ... on level 5 of the Dungeon.
             The game lasted 00:09:14 (5127 turns).

lorenzova the Magician (Deep Elf Conjurer)          Turns: 5127, Time: 00:09:14

Health: -2/32      AC:  6    Str:  4    XL:     6   Next: 86%
Magic:  18/18      EV:  6    Int: 25    God:
Gold:   326        SH:  0    Dex: 13    Spells: 14/19 levels left

rFire   . . .      SeeInvis .    c - staff of conjuration
rCold   . . .      Faith    .    (no shield)
rNeg    . . .      Spirit   .    q - +1 robe {Will+}
rPois   .          Reflect  .    (no helmet)
rElec   .          Harm     .    (no cloak)
rCorr   .          Rampage  .    r - +2 pair of gloves
Will    +....                    (no boots)
Stlth   ++........               (no amulet)
HPRegen 0.25/turn                (no ring)
MPRegen 0.16/turn                (no ring)

@: held
A: no striking features
a: no special abilities


You were on level 5 of the Dungeon.
You visited 1 branch of the dungeon, and saw 5 of its levels.

You collected 326 gold pieces.

Inventory:

Hand Weapons
 p - a +2 dagger of venom
Armour
 q - a +1 robe of willpower (worn)
 r - a +2 pair of gloves (worn)
Magical Staves
 c - a staff of conjuration (weapon)
 k - a staff of poison
Wands
 f - a wand of iceblast (4)
Scrolls
 a - a scroll of noise {unknown}
 e - 2 scrolls of summoning
 g - a scroll of fog {unknown}
 h - a scroll of enchant armour {unknown}
 l - a scroll of magic mapping {unknown}
 m - a scroll of identify
 s - a scroll of amnesia {unknown}
 t - a scroll of poison {unknown}
Potions
 d - 2 potions of might {unknown}
 j - a potion of mutation
 n - a potion of lignification {unknown}
 o - a potion of degeneration {unknown}


   Skills:
 - Level 2.4 Dodging
 - Level 2.4 Stealth
 + Level 7.3 Spellcasting
 + Level 7.1 Conjurations


You had 14 spell levels left.
You knew the following spells:

 Your Spells              Type           Power      Damage    Failure   Level
a - Magic Dart            Conj           100%       1d8       1%          1
b - Searing Ray           Conj           100%       2d8       1%          2
p - Blink                 Tloc           18%        N/A       10%         2

Your spell library contained the following spells:

 Spells                   Type           Power      Damage    Failure   Level
 Dazzling Flash           Conj/Hex       80%        N/A       4%          3
 Fulminant Prism          Conj/Hex       20%        3d13      16%         4
 Iskenderun's Mystic Bla  Conj/Tloc      40%        2d9       16%         4
 Manifold Assault         Tloc           9%         N/A       54%         4
 Agony                    Necr           9%         N/A       88%         5
 Silence                  Hex/Air        4%         N/A       88%         5
 Storm Form               Tmut/Air       4%         N/A       100%        7


Dungeon Overview and Level Annotations

Branches:
Dungeon (5/15)
 Temple: D:4-7

Altars:
Ashenzari
Vehumet


Message History

You feel a surge of power!
The searing ray hits the gnoll bouda.
You kill the gnoll bouda!
The searing ray hits the sky beast!
The sky beast is moderately wounded. (Press . to maintain the ray.)
The gnoll shouts!
There are no objects that can be picked up here. a throwing net The searing ray misses the sky beast.
The searing ray hits the sky beast!
The sky beast is severely wounded.
The searing ray hits the gnoll!
You kill the gnoll!
The searing ray misses the sky beast.
You finish channelling your searing ray.
The sky beast hits you. The sky beast shocks you.
Casting: Searing Ray (safe; 1% risk of failure)
Confirm with . or Enter, or press ? or * to list all spells.
Aiming: Searing Ray (safe; 1% risk of failure)
Press: ? - help, Shift-Dir - straight line, f - sky beast
Aim: a sky beast (severely wounded, 76% to hit)
You feel a surge of power!
The searing ray hits the sky beast.
The sky beast is severely wounded. (Press . to maintain the ray.)
The sky beast hits you. The sky beast shocks you.
* * * LOW HITPOINT WARNING * * *
You feel better.
The sky beast flickers out of sight!
Deactivating autopickup; reactivate with Ctrl-A.
Something hits you but does no damage. Magic courses through your body.
Something hits you.
* * * LOW HITPOINT WARNING * * *
Something shocks you.
* * * LOW HITPOINT WARNING * * *
Casting: Searing Ray (safe; 1% risk of failure)
Confirm with . or Enter, or press ? or * to list all spells.
Okay, then.
You feel better. Something hits you.
* * * LOW HITPOINT WARNING * * *
Something shocks you.
You die...

.... .^... ..≈..§g
.... <.>.. ...≈≈
...##. ... ##...
.....# #.# #...#
.....# #.# #.)#
.....# #.# ##)#
..<..###.### #.#
...#.......# #{#
#.##..##.#.#####@#
#................#
####..##.#.#######
#(.##.#.#
.........#
######.### ... #.
#.


There were no monsters in sight!

Vanquished Creatures
  Menkaure (D:4)
  A gnoll bouda (D:5)
  2 iguanas
  4 orc wizards
  Robin (D:4)
  4 adders
  4 gnolls (D:5)
  An ufetubus (D:4)
  A worm (D:2)
  2 dart slugs
  7 orcs
  2 bats (D:1)
  3 endoplasms
  3 giant cockroaches
  18 goblins
  12 hobgoblins
  3 jackals (D:4)
  5 kobolds
  2 quokkas
  6 ball pythons
  7 frilled lizards
  3 rats
92 creatures vanquished.

Vanquished Creatures (others)
  A plant (D:4)
1 creature vanquished.

Grand Total: 93 creatures vanquished

Notes
Turn   | Place    | Note
-------+----------+-------------------------------------------
     0 | D:1      | lorenzova the Deep Elf Conjurer began the quest for the
                  | Orb.
     0 | D:1      | Reached XP level 1. HP: 10/10 MP: 6/6
   310 | D:1      | Reached XP level 2. HP: 15/15 MP: 2/8
   366 | D:1      | Learned a level 2 spell: Searing Ray
   734 | D:1      | Identified a scroll of acquirement
   734 | D:1      | Acquired a staff of conjuration
  1231 | D:2      | Reached skill level 5 in Conjurations
  1231 | D:2      | Reached XP level 3. HP: 19/19 MP: 7/10
  2048 | D:3      | Found a broken altar of Ashenzari.
  2571 | D:3      | Reached XP level 4. HP: 24/24 MP: 8/12
  3290 | D:3      | Reached skill level 5 in Spellcasting
  3443 | D:3      | Reached XP level 5. HP: 19/28 MP: 9/14
  4367 | D:4      | Noticed Menkaure
  4579 | D:4      | Killed Menkaure
  4580 | D:4      | Reached XP level 6. HP: 32/32 MP: 10/17
  4848 | D:4      | Noticed Robin
  4861 | D:4      | Killed Robin
  4985 | D:4      | Learned a level 2 spell: Blink
  5085 | D:5      | Entered Level 5 of the Dungeon
  5104 | D:5      | Found a radiant altar of Vehumet.
  5117 | D:5      | Noticed a sky beast
  5127 | D:5      | Slain by a sky beast

Illustrated notes

Levels and vault maps discovered:
D:1:      dpeg_arrival_arbitrary_b, layout_basic, dreamdust_mushroom_princess,
          minmay_liquid_box, st_stairs_7, minmay_misc_feat_tiny
D:2:      layout_basic, minmay_misc_feat_nine_boxes
D:3:      layout_basic, nicolae_ashenzari_panopticon
D:4:      kennysheep_goblin_castle, layout_rooms, abandoned_shop,
          serial_bayou_lagoon_b, uniq_robin, uniq_menkaure
D:5:      layout_loops_cross, mainiacjoe_overflow_small_starburst,
          lemuel_doored_altar, uniq_eustachio

Skill      XL: |  1  2  3  4  5  6 |
---------------+-------------------+-----
Spellcasting   | 4 5 6 7 |  7.3
Conjurations   | 5 6 7 |  7.1
Dodging        | |  2.4
Stealth        | |  2.4

Action                   |  1- 3 |  4- 6 || total
-------------------------+-------+-------++-------
 Cast: Magic Dart        |    68 |    66 ||   134
       Searing Ray       |     2 |    13 ||    15
  Use: Scroll            |     5 |     3 ||     8
       Potion            |     1 |     3 ||     4
Armor: Robe              |       |     5 ||     5
Dodge: Dodged            |     7 |    23 ||    30

Table legend: (Time is in decaauts)
 A = Elapsed time spent in this place.
 B = Non-inter-level travel time spent in this place.
 C = Inter-level travel time spent in this place.
 D = Time resting spent in this place.
 E = Time spent auto-exploring this place.
 F = Levels seen in this place.
 G = Mean time per level.
                   A        B        C        D        E       F      G
               +--------+--------+--------+--------+--------+-----+--------+
         Total |   5148 |   4723 |    425 |   1767 |   2353 |   5 | 1029.6 |
       Dungeon |   5148 |   4723 |    425 |   1767 |   2353 |   5 | 1029.6 |
               +--------+--------+--------+--------+--------+-----+--------+

Top non-repeatable levels by time:
     D:3: 1816 daAuts
     D:4: 1299 daAuts
     D:1: 1203 daAuts
     D:2: 786 daAuts
     D:5: 41 daAuts
